 Dungeon Crawl Stone Soup version 0.19-a0-45-g2c295ea (webtiles) character file.

11372 Kenran the Severer (level 11, -8/101 HPs)
             Began as a Hill Orc Fighter on May 5, 2016.
             Was a High Priest of Okawaru.
             Mangled by a chaos spawn (13 damage)
             ... on level 2 of the Abyss.
             The game lasted 00:38:04 (13829 turns).

Kenran the Severer (Hill Orc Fighter)              Turns: 13829, Time: 00:38:05

Health: -8/101     AC: 20    Str: 22 (23) XL:     11   Next: 76%
Magic:  19/19      EV:  6    Int: 11 (12) God:    Okawaru [*****.]
Gold:   569        SH:  0    Dex: 10 (12) Spells: 0 memorised, 10 levels left

rFire  + . .     SeeInvis .     J - +0 battleaxe (curse)
rCold  + . .     Gourm    .     s - +1 plate armour {rF+}
rNeg   . . .     Faith    .     (shield currently unavailable)
rPois  .         Spirit   .     (no helmet)
rElec  .         Dismiss  .     c - +4 cloak "Gizafy" {Int+4 Dex+2 Stlth-}
rCorr  .         Reflect  .     u - +2 pair of gloves
SustAt .         Harm     .     (no boots)
MR     .....                    (no amulet)
Stlth  ..........               n - ring of flight
                                k - ring of protection from cold

@: non-regenerating, diseased, not resistant to hostile enchantments, extremely
unstealthy
A: no striking features
a: Heroism, Finesse, Renounce Religion, Evoke Flight


You were on level 2 of the Abyss.
You worshipped Okawaru.
Okawaru was extremely pleased with you.
You were very hungry.

You visited 3 branches of the dungeon, and saw 11 of its levels.
You visited the Abyss 1 time.

You collected 569 gold pieces.

Inventory:

Hand Weapons
 a - a +0 war axe
 J - a cursed +0 battleaxe (weapon)
Armour
 c - the +4 cloak "Gizafy" (worn) {Int+4 Dex+2 Stlth-}
   (Okawaru gifted it to you on level 8 of the Dungeon)

   It affects your intelligence (+4).
   It affects your dexterity (+2).
   It makes you less stealthy.
 s - a +1 plate armour of fire resistance (worn)
 u - a +2 pair of gloves (worn)
 E - a +0 cloak
Jewellery
 f - an uncursed ring of ice
 k - a ring of protection from cold (left hand)
 l - an uncursed ring of magical power {unknown}
 n - a ring of flight (right hand)
 y - a cursed ring of loudness {unknown}
 B - an uncursed ring of resist corrosion {unknown}
Wands
 w - a wand of polymorph (14/24)
 x - a wand of flame (26/48)
 z - a wand of polymorph (4/24)
 L - a wand of lightning (8/15)
Scrolls
 e - a scroll of amnesia
 g - 8 scrolls of remove curse
 h - a scroll of recharging
 i - 2 scrolls of enchant armour
 j - 8 scrolls of identify
 m - 4 scrolls of teleportation
 q - 3 scrolls of enchant weapon
 t - a scroll of magic mapping {unknown}
 D - a scroll of fear {unknown}
Potions
 d - 4 potions of might
 o - a potion of brilliance {unknown}
 p - a potion of curing
 v - a potion of resistance {unknown}
 A - a potion of mutation {unknown}
 C - 3 potions of degeneration
 F - a potion of cancellation {unknown}
Books
 b - Sif Muna's Tome of the Escort
   (You found it on level 4 of the Dungeon)

   Spells                             Type                      Level
   a - Summon Small Mammal            Summoning                    1
 G - a book of Power

   Spells                             Type                      Level
   a - Fulminant Prism                Conjuration/Hexes            4
   b - Iskenderun's Mystic Blast      Conjuration                  4
   c - Venom Bolt                     Conjuration/Poison           5
   d - Bolt of Magma                  Conjuration/Fire/Earth       5
   e - Iron Shot                      Conjuration/Earth            6
   f - Orb of Destruction             Conjuration                  7
   g - Spellforged Servitor           Conjuration/Summoning        7
 H - a book of Fire

   Spells                             Type                      Level
   a - Ignite Poison                  Fire/Transmutation/Poison    3
   b - Fireball                       Conjuration/Fire             5
   c - Bolt of Fire                   Conjuration/Fire             6
   d - Delayed Fireball               Conjuration/Fire             7
   e - Ring of Flames                 Charms/Fire                  7
 K - a book of Geomancy

   Spells                             Type                      Level
   a - Sandblast                      Earth                        1
   b - Passwall                       Transmutation/Earth          2
   c - Stone Arrow                    Conjuration/Earth            3
   d - Petrify                        Transmutation/Earth          4
   e - Lee's Rapid Deconstruction     Earth                        5


   Skills:
 - Level 10.3 Fighting
 * Level 16.9 Axes
 - Level 3.2 Armour
   Level 3.2 Shields
 + Level 11.4 Invocations


You had 10 spell levels left.
You didn't know any spells.

Dungeon Overview and Level Annotations

Branches:
Dungeon (9/15)             Temple (1/1) D:4            Lair (1/8) D:8
    Orc: D:9-12

Altars:
Dithmenos
Elyvilon
Fedhas
Kikubaaqudgha
Makhleb
Nemelex Xobeh
Okawaru
Pakellas
Ru
Sif Muna
Trog
Vehumet
Xom
Zin

Shops:
D:4 (   D:6 (?[

Annotations:
Lair:1 Sonja


Message History

You destroy the insubstantial wisp!
You start resting.
A chaos spawn comes into view.
You are too injured to fight recklessly!
You are too injured to fight recklessly!
You are too injured to fight recklessly!
You are too injured to fight recklessly!
You closely miss the chaos spawn. The chaos spawn completely misses you.
You hit the chaos spawn.
The chaos spawn is lightly wounded.
You completely miss the chaos spawn.
The chaos spawn is lightly wounded.
The chaos spawn gores you.
* * * LOW HITPOINT WARNING * * *
You are engulfed in flames.
You resist.
* * * LOW HITPOINT WARNING * * *
You hit the chaos spawn but do no damage.
The chaos spawn is lightly wounded.
The chaos spawn hits you!
You die...

. ...#
.. # # #
#..#
###.. .
# . . #
.. . ..#
# #
#.#####
.# #
#..#.#.#
.
#(..@.#
#.#.3##
. .
...###..
... #
.#.. . .
# ##. .
... . ##
##. # ##


You could see a chaos spawn.

Vanquished Creatures
  Fannar (Lair:1)
  Urug (Lair:1)
  Pikel (D:5)
  A smoke demon (Abyss:2)
  A centaur zombie (D:8)
  2 komodo dragons (Lair:1)
  16 yaks
  A wyvern (D:7)
  A hungry ghost (D:9)
  A hippogriff (Lair:1)
  3 insubstantial wisps (Abyss:2)
  A soldier ant (D:8)
  3 porcupines (Lair:1)
  2 water moccasins (Lair:1)
  3 black bears
  2 ice beasts
  2 orc warriors
  4 phantoms
  3 sky beasts
  4 ogres
  3 centaurs
  A big kobold (D:6)
  7 giant frogs
  The ghost of Veiltonx the Cutter, an amateur SpEn (D:3)
  2 scorpions (D:4)
  4 killer bees (D:9)
  2 howler monkeys
  5 wights (D:8)
  4 electric eels (D:8)
  A giant frog zombie (D:5)
  A crimson imp (D:3)
  A quasit (D:7)
  4 hounds
  8 orc priests
  9 orc wizards
  2 centaur skeletons
  5 giant frog skeletons
  An iguana (D:7)
  11 worker ants
  Robin (D:3)
  2 howler monkey zombies
  A worker ant zombie (D:5)
  16 adders
  2 gnolls (D:1)
  5 river rats (Lair:1)
  3 shadow imps
  An ooze (D:1)
  2 adder zombies
  2 adder skeletons
  3 dart slugs
  7 giant geckos
  33 orcs
  A ball python (D:4)
  6 giant cockroaches
  23 goblins
  13 hobgoblins
  9 jackals
  9 kobolds
  12 quokkas
  8 bats
  A giant gecko skeleton (D:6)
  2 giant gecko zombies
  3 giant newts
  A quokka skeleton (D:7)
  9 rats
  A plant (D:8)
301 creatures vanquished.

Vanquished Creatures (others)
  An ancient zyme (Abyss:2)
  A slave (D:5)
  A giant frog skeleton (D:5)
  An adder (D:5)
  An orc (D:5)
  4 fungi (Lair:1)
  3 plants
12 creatures vanquished.

Grand Total: 313 creatures vanquished

Notes
Turn   | Place    | Note
--------------------------------------------------------------
     0 | D:1      | Kenran the Hill Orc Fighter began the quest for the Orb.
     0 | D:1      | Reached XP level 1. HP: 19/19 MP: 1/1
    53 | D:1      | Reached skill level 3 in Axes
   308 | D:1      | Reached XP level 2. HP: 26/26 MP: 2/2
   348 | D:1      | Reached skill level 4 in Axes
   591 | D:1      | Reached XP level 3. HP: 31/31 MP: 3/3
  1017 | D:1      | Reached skill level 5 in Axes
  1232 | D:1      | Reached XP level 4. HP: 24/39 MP: 4/4
  1453 | D:2      | Reached skill level 6 in Axes
  2202 | D:3      | Noticed Veiltonx's ghost (amateur SpEn)
  2284 | D:3      | Killed Veiltonx's ghost
  2284 | D:3      | Reached skill level 7 in Axes
  2284 | D:3      | Reached XP level 5. HP: 31/45 MP: 5/5
  2694 | D:3      | Noticed Robin
  2698 | D:3      | Reached skill level 8 in Axes
  2699 | D:3      | Reached XP level 6. HP: 50/51 MP: 6/6
  2722 | D:3      | Killed Robin
  3630 | D:4      | Found a staircase to the Ecumenical Temple.
  3652 | Temple   | Entered the Ecumenical Temple
  3656 | Temple   | Became a worshipper of Warmaster Okawaru
  3701 | D:4      | Reached skill level 9 in Axes
  3711 | D:4      | Found Vaiggado's Antique Weapon Shop.
  3747 | D:4      | Found an oddly glowing altar of Pakellas.
  3816 | D:4      | Found a sacrificial altar of Ru.
  3837 | D:4      | Reached XP level 7. HP: 32/57 MP: 7/7
  3998 | D:4      | Reached skill level 10 in Axes
  4130 | D:4      | Found a radiant altar of Vehumet.
  4130 | D:4      | Found an ancient bone altar of Kikubaaqudgha.
  4131 | D:4      | Found a deep blue altar of Sif Muna.
  4138 | D:4      | Identified Sif Muna's Tome of the Escort
  4191 | D:4      | Reached * piety under Okawaru
  4361 | D:4      | Reached skill level 11 in Axes
  4413 | D:5      | Entered Level 5 of the Dungeon
  4725 | D:5      | Noticed Pikel
  4747 | D:5      | Paralysed by Pikel for 5 turns
  4755 | D:5      | Killed Pikel
  4755 | D:5      | Reached ** piety under Okawaru
  4755 | D:5      | Reached skill level 12 in Axes
  4755 | D:5      | Reached XP level 8. HP: 42/64 MP: 8/8
  4892 | D:5      | Reached skill level 13 in Axes
  5504 | D:5      | Reached skill level 14 in Axes
  5504 | D:5      | Reached XP level 9. HP: 67/70 MP: 9/9
  5751 | D:5      | Reached *** piety under Okawaru
  5760 | D:5      | Reached skill level 5 in Fighting
  6441 | D:6      | Found Ceinwes's Magic Scroll Shop.
  6544 | D:6      | Found a deep blue altar of Sif Muna.
  6565 | D:6      | Reached skill level 1 in Invocations
  6604 | D:6      | Found a burning altar of Makhleb.
  6920 | D:6      | Found Ucyrch's Antique Weapon Boutique.
  7026 | D:6      | Found a glowing silver altar of Zin.
  7026 | D:6      | Found a bloodstained altar of Trog.
  7243 | D:6      | Found Rafack Wiesi's Antique Armour Emporium.
  8250 | D:7      | Found a white marble altar of Elyvilon.
  8365 | D:7      | Reached skill level 5 in Invocations
  8365 | D:7      | Reached XP level 10. HP: 67/91 MP: 13/13
  8739 | D:8      | Reached **** piety under Okawaru
  8743 | D:8      | Found a shadowy altar of Dithmenos.
  8755 | D:8      | Got a warped leather armour
  8803 | D:8      | Found a staircase to the Lair.
  8876 | D:8      | Reached skill level 10 in Fighting
 10207 | D:8      | Found a sparkling altar of Nemelex Xobeh.
 11290 | D:9      | Reached ***** piety under Okawaru
 11369 | Lair:1   | Entered Level 1 of the Lair of Beasts
 11385 | D:8      | Received a gift from Okawaru
 11392 | D:8      | Reached skill level 15 in Axes
 11410 | D:8      | Received a gift from Okawaru
 11410 | D:8      | Reached XP level 11. HP: 28/101 MP: 18/18
 11690 | D:8      | Got a pitted cloak {god gift}
 11703 | D:8      | Identified the +4 cloak "Gizafy" {Int+4 Dex+2 Stlth-} (Okawaru gifted it to you on level 8 of the Dungeon)
 11742 | Lair:1   | Reached skill level 10 in Invocations
 11966 | Lair:1   | Noticed Sonja
 11978 | Lair:1   | Noticed Fannar
 12262 | Lair:1   | Killed Fannar
 12486 | Lair:1   | Noticed Urug
 12520 | Lair:1   | Killed Urug
 12520 | Lair:1   | Reached skill level 16 in Axes
 13635 | Lair:1   | Cast into level 2 of the Abyss (Sonja)
 13828 | Abyss:2  | HP: 5/101 [chaos spawn (4)]
 13829 | Abyss:2  | Mangled by a chaos spawn

Vault maps used:
D:1:      eino_arrival_cavern_b
D:2:      amalloy_card_club
D:3:      kennysheep_goblin_castle
D:4:      grunt_temple_overflow_magic_moments, lemuel_crystal_altar,
          grunt_pakellas_salt, first_bread, serial_shops,
          nicolae_shop_waterfront, serial_park_tiny_1
D:5:      minmay_liquid_box, uniq_pikel
D:6:      kennysheep_mini_moat, grunt_temple_overflow_open, serial_shops,
          kennysheep_mini, shop, shop, basic_altar, lexackson_kobold_supper
D:7:      lemuel_upstairs_altar, elyvilon_altar_5
D:8:      lemuel_round_altar, grunt_dithmenos_smoke, serial_bayou,
          serial_bayou_ford_a, serial_bayou_crossing, serial_bayou_pond_e,
          serial_bayou_lagoon_a
D:9:      grunt_qazlal_clouds
Temple:   circular_temple_pool_8
Lair:1:   uniq_fannar, uniq_urug, uniq_sonja

Skill      XL: |  1  2  3  4  5  6  7  8  9 10 11 |
---------------+----------------------------------+-----
Axes           | 3 4 5 7 8 9 12 14 15 16 | 16.9
Fighting       | 9 10 | 10.3
Invocations    | 5 9 11 | 11.4
Armour         | |  3.2
Shields        | |  3.2

Action                   |  1- 3 |  4- 6 |  7- 9 | 10-12 || total
-------------------------+-------+-------+-------+-------++-------
Melee: War axe           |    67 |   246 |   418 |   183 ||   914
       Battleaxe         |       |       |       |   285 ||   285
Invok: Heroism           |       |       |       |     4 ||     4
  Use: Scroll            |       |     2 |    10 |     1 ||    13
       Potion            |       |     1 |       |     5 ||     6
  Eat: Beef jerky        |     1 |       |     1 |     1 ||     3
       Chunk             |       |     8 |     8 |    19 ||    35
       Fruit             |       |       |     6 |       ||     6
       Bread ration      |       |       |       |     4 ||     4
Armor: Scale mail        |    33 |    94 |       |       ||   127
       Plate armour      |       |    16 |   204 |   344 ||   564
Dodge: Dodged            |    21 |    61 |    46 |   126 ||   254
Block: Shield            |    39 |   102 |   167 |    63 ||   371
